 Dungeon Crawl Stone Soup version 0.31.0-1-g2c135a0 (webtiles) character file.

Game seed: 268393651190566773

5632 smazza the Spear-Bearer (level 10, -16/83 HPs)
             Began as a Merfolk Gladiator on Jan 22, 2024.
             Was a High Priest of Zin.
             Demolished by Urug
             ... wielding a +1 scimitar of electrocution
              (28 damage)
             ... on level 10 of the Dungeon on Feb 5, 2024.
             The game lasted 00:50:34 (10404 turns).

smazza the Spear-Bearer (Merfolk Gladiator)        Turns: 10404, Time: 00:50:34

Health: -16/83     AC: 10    Str: 14    XL:     10   Next: 74%
Magic:  22/22      EV: 20    Int: 12    God:    Zin [*****.]
Gold:   304        SH:  0    Dex: 26    Spells: 9/9 levels left

rFire   + . .        a - +1 trident
rCold   . . .        (no shield)
rNeg    . . .        y - +3 leather armour of the Ward {rF+ MP+9}
rPois   .            (helmet restricted)
rElec   .            (no cloak)
rCorr   .            (no gloves)
SInv    .            (no boots)
Will    .....        c - amulet of regeneration
Stlth   ++++         v - +6 ring of dexterity
HPRegen 1.13/turn    q - +4 ring of protection
MPRegen 0.18/turn

%: no passive effects
@: on recite cooldown, studying 2 skills
A: (nimble swimmer 2), mertail, horns 1, agile 1, clever 1
a: Renounce Religion, Recite, Vitalisation, Imprison, Sanctuary, Donate Gold


You were on level 10 of the Dungeon.
You worshipped Zin.
Zin was extremely pleased with you.
You visited 2 branches of the dungeon, and saw 11 of its levels.
You also visited: Bailey.

You collected 610 gold pieces.
You spent 245 gold pieces at shops.
You donated 61 gold pieces to Zin.

Inventory:

Hand Weapons
 a - a +1 trident (weapon)
Missiles
 d - 4 throwing nets (quivered)
 e - 13 javelins
 o - 84 stones
Armour
 b - a +1 leather armour
 w - an orb of guile
 y - the +3 leather armour of the Ward (worn) {rF+ MP+9}
   (You bought it in a shop on level 10 of the Dungeon)

   rF+:       It protects you from fire.
   MP+9:      It affects your magic capacity (+9).
Jewellery
 c - an amulet of regeneration (around neck)
 l - a ring of ice
 p - a ring of protection from cold
 q - a +4 ring of protection (right hand)
 v - a +6 ring of dexterity (left hand)
Wands
 k - a wand of acid (3)
 t - a wand of paralysis (11)
 u - a wand of iceblast (11)
Scrolls
 f - 5 scrolls of identify
 j - 3 scrolls of summoning
 m - a scroll of enchant armour
 r - 4 scrolls of teleportation
 s - 2 scrolls of vulnerability
 x - a scroll of fog
 z - a scroll of fear
 A - 2 scrolls of noise
Potions
 g - a potion of curing
 h - a potion of attraction
 i - a potion of degeneration
 n - a potion of mutation


   Skills:
 + Level 9.3 Fighting
 + Level 12.8 Polearms
 - Level 2.0 Throwing
 - Level 3.1 Armour
 + Level 9.5 Dodging
 + Level 7.9 Stealth
 + Level 5.1 Invocations


You had 9 spell levels left.
You didn't know any spells.
Your spell library contained the following spells:

 Spells                   Type           Power      Damage    Failure   Level
 Chain Lightning          Conj/Air       0%         N/A       100%        9
 Fire Storm               Conj/Fire      0%         5d1       100%        9
 Shatter                  Erth           0%         3d5*      100%        9


Dungeon Overview and Level Annotations

Branches:
Dungeon (10/15)            Temple (1/1) D:4             Orc (0/2) D:10
 Bailey (visited)
   Lair: D:8-11

Altars:
Ashenzari
Cheibriados
Dithmenos
Elyvilon
Fedhas
Gozag
Hepliaklqana
Kikubaaqudgha
Nemelex Xobeh
Okawaru
Qazlal
Ru
Sif Muna
Trog
Uskayaw
Vehumet
Wu Jian
Yredelemnul
Zin
The Shining One

Shops:
D:5 *   D:10 [

Annotations:
D:8 2 transporters
D:9 Erolcha, Grum
D:10 Urug


Innate Abilities, Weirdness & Mutations

((You are very nimble when in or above water. (Stealth+, EV+, Speed+++)))
Your lower body shifts to a powerful aquatic tail in water.
You have a pair of small horns on your head.
You are agile. (Dex +4, Str/Int -1)
Your mind is acute. (Int +4, Str/Dex -1)


Message History

You see here a +0 shortbow.
Found an escape hatch in the ceiling.
There is an escape hatch in the ceiling here.
Your legs become a tail as you enter the water.
Your legs become a tail as you enter the water.
Found a stone staircase leading down.
There is a stone staircase leading down here.
Urug the Orcish Ballista comes into view.
She is wielding a +1 scimitar of electrocution.
Reach: a) +1 trident
Press: ? - help, Dir - move target, f - Urug
Aim: Urug, wielding a +1 scimitar of electrocution, wearing a +0 chain mail and quivering javelins (asleep, about 2% to evade your +1 trident)
You reach to attack!
The helpless Urug fails to defend herself.
You hit Urug.
Urug is lightly wounded.
You completely miss Urug.
Urug is lightly wounded.
Activating: Recite (0% risk of failure)
Press: ? - help, Dir - look around, f - activate Look: Urug, wielding a +1 scimitar of electrocution, wearing a +0 chain mail and quivering javelins (lightly wounded)
You clear your throat and prepare to recite. "And Zin said to all in attendance, 'Which of ye..."
Urug closely misses you.
You hit Urug but do no damage.
Urug is lightly wounded.
Urug hits you with a +1 scimitar of electrocution!!
You hit Urug but do no damage. You headbutt Urug, but do no damage.
Urug is lightly wounded. "...number among the agents of filth?
Come before me, that..."
Urug hits you with a +1 scimitar of electrocution!!
You are electrocuted!!
* * * LOW HITPOINT WARNING * * *
Okay, then.
You hit Urug but do no damage. You headbutt Urug.
Urug is lightly wounded. "...I may strike down you now for your impurity!'" You finish reciting Ablutions 9:38.
Urug hits you with a +1 scimitar of electrocution!!
You die...
Urug screams, "Revenge at last!"

#.# #.# #.# #.#
#.# #.# #.# #.#
#o#
################@#
.........>.......#
################.#
#.# ###


You could see Urug.

Vanquished Creatures
  A two-headed ogre (D:10)
  Pikel (D:4)
  A troll (D:9)
  A vampire (D:10)
  A steam dragon (D:6)
  3 vampire mosquitoes (D:10)
  3 water moccasins
  6 orc warriors
  A sky beast (D:5)
  4 black bears (D:6)
  3 ogres
  2 centaurs (D:10)
  A lemure (D:4)
  2 bullfrogs (D:6)
  2 kobold brigands (D:7)
  8 wights (D:7)
  3 killer bees
  2 howler monkeys (D:8)
  4 electric eels (Bailey)
  2 bombardier beetles
  4 hounds
  3 jellies
  A gnoll bouda (D:4)
  5 iguanas
  2 sleepcaps
  7 orc wizards
  8 gnolls
  16 adders
  2 ufetubi (D:5)
  A dart slug (D:1)
  4 ribbon worms (D:2)
  25 orcs
  5 endoplasms
  3 giant cockroaches
  21 goblins
  9 hobgoblins
  3 jackals (D:4)
  19 kobolds
  A quokka (D:4)
  2 ball pythons
  5 bats
  2 frilled lizards (D:1)
  3 rats (D:1)
202 creatures vanquished.

Notes
Turn   | Place    | Note
-------+----------+-------------------------------------------
     0 | D:1      | smazza the Merfolk Gladiator began the quest for the Orb.
     0 | D:1      | Reached XP level 1. HP: 16/16 MP: 1/1
   232 | D:1      | Reached XP level 2. HP: 23/23 MP: 2/2
   516 | D:1      | You fall into a shaft and drop 1 floor!
   961 | D:1      | Reached XP level 3. HP: 26/28 MP: 3/3
  1348 | D:2      | Reached skill level 5 in Polearms
  1460 | D:2      | Reached XP level 4. HP: 34/34 MP: 4/4
  2034 | D:3      | Found a stormy altar of Qazlal.
  2503 | D:4      | Reached skill level 6 in Polearms
  2503 | D:4      | Reached skill level 1 in Stealth
  2503 | D:4      | Reached XP level 5. HP: 33/41 MP: 5/5
  2669 | D:4      | Noticed a lemure
  2700 | D:4      | Killed a lemure
  2873 | D:4      | Found a white marble altar of Elyvilon.
  2925 | D:4      | Reached skill level 7 in Polearms
  3039 | D:4      | Found a sparkling altar of Nemelex Xobeh.
  3042 | D:4      | Reached XP level 6. HP: 47/47 MP: 6/6
  3126 | D:4      | Found a staircase to the Ecumenical Temple.
  3141 | Temple   | Entered the Ecumenical Temple
  3150 | Temple   | Gained mutation: Your mind is acute. (Int +4, Str/Dex -1)
                  | [potion of mutation]
  3150 | Temple   | Gained mutation: You have a pair of small horns on your
                  | head. [potion of mutation]
  3150 | Temple   | Gained mutation: You are agile. (Dex +4, Str/Int -1)
                  | [potion of mutation]
  3173 | Temple   | Became a worshipper of Zin the Law-Giver
  3173 | Temple   | Reached * piety under Zin
  3270 | D:4      | Noticed Pikel
  3287 | D:4      | Killed Pikel
  3288 | D:4      | Reached skill level 9 in Polearms
  3288 | D:4      | Reached skill level 1 in Armour
  3288 | D:4      | Reached skill level 5 in Dodging
  3288 | D:4      | Reached XP level 7. HP: 6/53 MP: 7/7
  3479 | D:4      | Found a basalt altar of Yredelemnul.
  3866 | D:5      | Entered Level 5 of the Dungeon
  3908 | D:5      | Reached skill level 10 in Polearms
  3908 | D:5      | Reached XP level 8. HP: 60/60 MP: 8/8
  4312 | D:5      | Found an opulent altar of Gozag.
  4356 | D:5      | Reached ** piety under Zin
  4375 | D:5      | Found Agokhlah's Gadget Gallery.
  4610 | D:5      | Found an ornate altar of the Wu Jian Council.
  5049 | D:6      | Reached skill level 5 in Fighting
  5049 | D:6      | Reached skill level 11 in Polearms
  5308 | D:6      | Reached XP level 9. HP: 68/68 MP: 9/9
  5443 | D:6      | HP: 3/68 [steam dragon/ball of steam (14)]
  5678 | D:6      | Reached skill level 1 in Invocations
  6182 | D:6      | Identified 3 scrolls of acquirement
  6182 | D:6      | Acquired an amulet of regeneration
  6306 | D:6      | Acquired a manual of Fighting
  6308 | D:6      | Acquired a manual of Stealth
  6317 | D:7      | Found a blossoming altar of Fedhas.
  6453 | D:7      | Found a flagged portal.
  6470 | Bailey   | Entered a bailey
  6941 | Bailey   | Noticed an orc knight
  6944 | Bailey   | Noticed an orc knight
  6956 | Bailey   | Reached skill level 12 in Polearms
  7163 | Bailey   | Noticed an orc high priest
  7170 | Bailey   | Noticed a hellwing
  7199 | Bailey   | Noticed an orc sorcerer
  7222 | Bailey   | Noticed an orange demon
  7341 | D:7      | Found an iron altar of Okawaru.
  7377 | D:7      | Reached skill level 5 in Stealth
  7412 | D:7      | Reached XP level 10. HP: 29/72 MP: 12/12
  7533 | D:7      | Found a sacrificial altar of Ru.
  7570 | D:7      | Reached *** piety under Zin
  8277 | D:8      | Noticed a +0 dagger
  8277 | D:8      | Noticed a +0 hand axe
  8552 | D:8      | Found a hide-covered altar of Uskayaw.
  8824 | D:8      | Found a transporter.
  8953 | D:8      | Reached **** piety under Zin
  8994 | D:8      | Found a transporter.
  9084 | D:9      | Noticed Grum
  9294 | D:9      | Noticed a gargoyle
  9330 | D:9      | Noticed Erolcha
  9578 | D:10     | Entered Level 10 of the Dungeon
  9578 | D:10     | Found Pepsoq's Antique Armour Emporium.
  9581 | D:10     | Bought a slimy leather armour for 245 gold pieces
  9581 | D:10     | Identified the +3 leather armour of the Ward {rF+ MP+9}
                  | (You bought it in a shop on level 10 of the Dungeon)
  9774 | D:10     | Noticed a two-headed ogre
  9796 | D:10     | Killed a two-headed ogre
  9800 | D:10     | HP: 1/82 [something (9)]
  9990 | D:10     | Found a shimmering blue altar of Sif Muna.
 10000 | D:10     | Found a bloodstained altar of Trog.
 10025 | D:10     | Reached skill level 5 in Invocations
 10047 | D:10     | Reached ***** piety under Zin
 10118 | D:10     | Found a staircase to the Orcish Mines.
 10156 | D:10     | Found a hazy altar of Hepliaklqana.
 10395 | D:10     | Noticed Urug
 10404 | D:10     | Demolished by Urug

Illustrated notes

Levels and vault maps discovered:
D:1:      lemuel_arrival_river_ford, layout_loops_corners, hex_tiny
D:2:      layout_basic
D:3:      layout_basic, lemuel_round_altar
D:4:      layout_gridville, kennysheep_ying_yang, lemuel_doored_altar,
          minmay_temple_entry_sparse_star, uniq_pikel
D:5:      layout_loops_cross, nzn_wu_jian_council_hall,
          nicolae_gozag_cash_rules_everything_around_me, nicolae_shop_gadgets
D:6:      layout_basic, kennysheep_generic_room_14
D:7:      layout_rooms, mainiacjoe_overflow_surrounded_room, fedhas_altar_3,
          kennysheep_mini, enter_bailey_3, kennysheep_pointless_box
D:8:      gammafunk_cloud_chamber, layout_basic, dancing_weapons_uskayaw,
          serial_library, serial_library_hellmonk_open_cross,
          serial_library_hellmonk_statue_hall,
          serial_library_hellmonk_hallway_a, serial_library_hellmonk_room_c,
          serial_library_hellmonk_small_alcove,
          serial_library_hellmonk_hallway_b,
          serial_library_hellmonk_small_alcove, minmay_misc_feat_chi
D:9:      layout_loops_ring, grunt_temple_overflow_champion_of_chaos,
          serial_shops, nicolae_lakefront_shop, uniq_grum, uniq_erolcha
D:10:     layout_basic, mainiacjoe_overflow_cross_hatched,
          overflow_temple_1_default, nicolae_hepliaklqana_hippocampus,
          orc_0_dummy, serial_shops, shop, minmay_misc_feat_nine_boxes,
          uniq_urug
Temple:   nicolae_temple_great_sept

Skill      XL: |  1  2  3  4  5  6  7  8  9 10 |
---------------+-------------------------------+-----
Polearms       | 5 6 7 9 10 11 12 | 12.8
Fighting       | 3 4 5 7 9 |  9.3
Stealth        | 1 2 5 7 |  7.9
Armour         | 1 3 |  3.1
Dodging        | 5 6 8 9 |  9.5
Invocations    | 3 5 |  5.1
Throwing       | |  2.0

Action                     |  1- 3 |  4- 6 |  7- 9 | 10-12 || total
---------------------------+-------+-------+-------+-------++-------
  Melee: Trident           |   129 |   165 |   533 |   284 ||  1111
         Punch             |       |     2 |    10 |     5 ||    17
         Headbutt          |       |       |    98 |    54 ||   152
         Tailslap          |       |       |    21 |     6 ||    27
  Throw: Throwing net      |       |       |     2 |       ||     2
 Invoke: Recite            |       |       |     1 |     7 ||     8
         Vitalisation      |       |       |     1 |       ||     1
  Evoke: Wand              |       |       |       |     2 ||     2
    Use: Potion            |       |     7 |     5 |     1 ||    13
         Scroll            |       |       |     6 |    14 ||    20
   Stab: Sleeping          |     2 |     2 |     3 |     7 ||    14
         Distracted        |       |       |     1 |     1 ||     2
         Invisible         |       |       |     1 |       ||     1
         Confused          |       |       |       |     2 ||     2
 Armour: Leather armour    |    40 |    60 |   175 |   139 ||   414
  Dodge: Dodged            |    59 |    99 |   239 |   216 ||   613
